 Dungeon Crawl Stone Soup version 0.23.1-37-gaa34b87b72 (webtiles) character file.

Game seed: 11464755067252895614

74 Rediskos the Skirmisher (level 4, -9/29 HPs)
             Began as a Gargoyle Fighter on Mar 24, 2019.
             Mangled by Sigmund
             ... wielding a +0 scythe
              (11 damage)
             ... on level 2 of the Dungeon.
             The game lasted 00:03:04 (1532 turns).

Rediskos the Skirmisher (Gargoyle Fighter)          Turns: 1532, Time: 00:03:05

Health: -9/29      AC: 11    Str: 20    XL:     4   Next: 30%
Magic:  4/4        EV:  7    Int:  9    God:
Gold:   85         SH:  0    Dex:  9    Spells: 3/3 levels left

rFire    . . .     SeeInvis .   a - +0 flail
rCold    . . .     Gourm    .   c - +0 shield
rNeg     + . .     Faith    .   b - +0 scale mail
rPois    ∞         Spirit   .   (no helmet)
rElec    +         Reflect  .   (no cloak)
rCorr    .         Harm     .   (no gloves)
MR       .....                  e - +0 pair of boots
Stlth    ..........             (no amulet)
HPRegen  0.09/turn              (no ring)
MPRegen  0.09/turn              (no ring)

@: confused
A: negative energy resistance 1, electricity resistance, unbreathing,
petrification resistance, rot immunity, AC +3
a: no special abilities


You were on level 2 of the Dungeon.
You were not hungry.

You visited 1 branch of the dungeon, and saw 2 of its levels.

You collected 85 gold pieces.

Inventory:

Hand Weapons
 a - a +0 flail (weapon)
Armour
 b - a +0 scale mail (worn)
 c - a +0 shield (worn)
 e - a +0 pair of boots (worn)
Scrolls
 h - a scroll of noise {unknown}
 i - a scroll of fear {unknown}
 k - a scroll of teleportation {unknown}
 l - a scroll of remove curse {unknown}
 m - a scroll of amnesia {unknown}
 o - a scroll of enchant weapon {unknown}
Potions
 d - a potion of might
 j - a potion of curing {unknown}
 n - a potion of haste {unknown}
Comestibles
 f - 3 rations
 g - 2 chunks of flesh


   Skills:
 + Level 4.1 Fighting
 * Level 3.8 Maces & Flails
 - Level 3.2 Armour
 - Level 3.2 Shields


You had 3 spell levels left.
You didn't know any spells.
Your spell library was empty.

Dungeon Overview and Level Annotations

Branches:
Dungeon (2/15)

Altars:
Elyvilon
Qazlal

Annotations:
D:2 Sigmund


Innate Abilities, Weirdness & Mutations

You are resistant to torment.
Your stone body is resilient. (AC +3)
You are immune to poison.
You resist negative energy. (rN+)
You are resistant to electric shocks. (rElec)
You can survive without breathing.
You are immune to petrification.
You are immune to rotting.


Message History

Sigmund casts a spell at you.
You are confused.
You closely miss Sigmund.
Sigmund is lightly wounded.
Sigmund casts a spell at you.
You are more confused.
Sigmund gestures wildly while chanting.
Sigmund flickers and vanishes!
Deactivating autopickup; reactivate with Ctrl-A.
You bump into the rock wall.
Something hits you but does no damage.
You bump into the rock wall.
Something hits you but does no damage.
You completely miss something. Something hits you.
* * * LOW HITPOINT WARNING * * *
You miss something.
You bump into the rock wall.
Something hits you but does no damage.
Some of the chunks of flesh in your inventory have rotted away.
You hit something but do no damage. Something hits you!
* * * LOW HITPOINT WARNING * * *
You bump into the rock wall.
Something hits you!
You die...

#^..# (^≈.# ^.#.# ####
###.############..
#...........##.#
#####.#####.##.###
###................#
#....##.#####.##.#.# #
.[.#.##.#####.##@#.#.#
#....##.......##{....#
#.################.###
...# #.# #..# ... #..#
#.## ...# #.# ##.# ..#
##.# .##


There were no monsters in sight!

Vanquished Creatures
  Jessica (D:2)
  An ooze (D:1)
  A worm (D:2)
  2 leopard geckos (D:1)
  6 bats
  2 giant cockroaches (D:1)
  5 goblins
  6 hobgoblins
  2 quokkas (D:2)
  A frilled lizard (D:1)
  6 kobolds
  4 rats
37 creatures vanquished.

Notes
Turn   | Place    | Note
-------+----------+-------------------------------------------
     0 | D:1      | Rediskos the Gargoyle Fighter began the quest for the Orb.
     0 | D:1      | Reached XP level 1. HP: 14/14 MP: 1/1
    75 | D:1      | Reached XP level 2. HP: 19/19 MP: 2/2
   249 | D:1      | Reached XP level 3. HP: 22/24 MP: 3/3
   749 | D:2      | Found a stormy altar of Qazlal.
   843 | D:2      | Noticed Jessica
  1178 | D:2      | Killed Jessica
  1178 | D:2      | Reached skill level 4 in Fighting
  1178 | D:2      | Reached XP level 4. HP: 20/29 MP: 4/4
  1329 | D:2      | Found a white marble altar of Elyvilon.
  1508 | D:2      | Noticed Sigmund
  1532 | D:2      | Mangled by Sigmund

Skill      XL: |  1  2  3 |
---------------+----------+-----
Maces & Flails | 3 |  3.8
Fighting       | 4 |  4.1
Armour         | |  3.2
Shields        | |  3.2

Action                   |  1- 3 |  4- 6 || total
-------------------------+-------+-------++-------
Melee: Flail             |   141 |    36 ||   177
  Eat: Chunk             |     1 |     1 ||     2
Armor: Scale mail        |    88 |    20 ||   108
Dodge: Dodged            |    50 |    12 ||    62
Block: Shield            |    68 |    15 ||    83
